 Dungeon Crawl Stone Soup version 0.28.0-49-g6dfe1f597d (webtiles) character file.

Game seed: 3487955492169801438

199 nickcage the Slasher (level 6, -4/47 HPs)
             Began as a Formicid Monk on May 17, 2022.
             Killed from afar by a steam dragon (9 damage)
             ... with a ball of steam
             ... on level 7 of the Dungeon.
             The game lasted 00:10:01 (4851 turns).

nickcage the Slasher (Formicid Monk)                Turns: 4851, Time: 00:10:01

Health: -4/47      AC:  9    Str: 18    XL:     6   Next: 6%
Magic:  6/6        EV:  7    Int:  9    God:
Gold:   126        SH:  4    Dex: 13    Spells: 5/5 levels left

rFire   . . .      SeeInvis +   p - +0 long sword
rCold   . . .      Faith    .   d - +0 buckler
rNeg    . . .      Spirit   .   i - +0 chain mail
rPois   .          Reflect  .   (helmet unavailable)
rElec   .          Harm     .   (no cloak)
rCorr   .          Rampage  .   (no gloves)
Will    .....                   h - +0 pair of boots
Stlth   ..........              (no amulet)
HPRegen 0.15/turn               (no ring)
MPRegen 0.10/turn               (no ring)

@: lethally poisoned (-4 -> -6)
A: permanent stasis, dig shafts and tunnels, antennae 3, four strong arms
a: Dig, Shaft Self


You were on level 7 of the Dungeon.
You visited 1 branch of the dungeon, and saw 5 of its levels.

You collected 126 gold pieces.

Inventory:

Hand Weapons
 a - a +0 falchion
 k - a +0 morningstar
 p - a +0 long sword (weapon)
Missiles
 r - 4 poisoned darts (quivered)
Armour
 b - a +0 robe
 d - a +0 buckler (worn)
 h - a +0 pair of boots (worn)
 i - a +0 chain mail (worn)
 q - a +0 ring mail
Wands
 g - a wand of flame (24)
Scrolls
 f - a scroll of identify
 o - 2 scrolls of silence
Potions
 c - 2 potions of lignification {unknown}
 e - a potion of degeneration {unknown}
 j - a potion of attraction
 m - 2 potions of might
 n - a potion of berserk rage


   Skills:
 - Level 3.2 Fighting
 + Level 5.3 Long Blades
 * Level 1.8 Armour
 - Level 2.6 Dodging
 - Level 2.4 Stealth
 * Level 2.7 Shields


You had 5 spell levels left.
You didn't know any spells.
Your spell library contained the following spells:

 Spells                   Type           Power      Damage    Failure   Level
 Beastly Appendage        Tmut           0%         N/A       100%        1
 Sublimation of Blood     Necr           0%         N/A       100%        2
 Wereblood                Tmut           0%         N/A       100%        2
 Call Canine Familiar     Summ           0%         N/A       100%        3
 Portal Projectile        Hex/Tloc       0%         N/A       100%        3
 Spider Form              Tmut/Pois      0%         N/A       100%        3
 Leda's Liquefaction      Hex/Erth       0%         N/A       100%        4
 Summon Hydra             Summ           0%         N/A       100%        7


Dungeon Overview and Level Annotations

Branches:
Dungeon (4/15)
 Temple: D:4-7

Altars:
Ashenzari

Shops:
D:3 [


Innate Abilities, Weirdness & Mutations

You cannot be hasted, slowed, berserked, paralysed or teleported.
You can dig through walls and to a lower floor.
You have a pair of large antennae on your head. (SInv)
Your four strong arms can wield two-handed weapons with a shield.


Message History

The killer bee poisons you! The killer bee stings you!
* * * LOW HITPOINT WARNING * * *
You are more poisoned.
The killer bee poisons you!
You feel better. You block the killer bee's attack.
The killer bee stings you but does no damage.
Okay, then.
Okay, then.
Are you sure you want to shaft yourself?
The killer bee stings you but does no damage.
The killer bee closely misses you.
You begin to dig a shaft.
You continue digging a shaft.
The killer bee stings you but does no damage.
The killer bee stings you.
* * * LOW HITPOINT WARNING * * *
You are poisoned.
The killer bee poisons you! A shaft appears beneath you!
You fall into a shaft and drop 3 floors!
The shaft crumbles and collapses.
You feel sick.
The steam dragon hisses angrily.
The centaur shouts!
You hear a bark!
Found 47 stones and 17 arrows.
Found a stone staircase leading down and a stone staircase leading up.
You feel sick.
The centaur wields a +0 shortbow.
The centaur shoots an arrow.
You block the arrow.
You feel sick.
A hound comes into view.
You feel sick.
The hound barks!
The centaur unwields a +0 shortbow.
The centaur closely misses you.
The centaur kicks you but does no damage.
The centaur hits you but does no damage.
The centaur closely misses you.
There is a stone staircase leading up here.
You feel sick.
The centaur hits you but does no damage.
You block the centaur's attack. The ogre barely misses you.
The steam dragon breathes steam at you. The ball of steam hits you!
You die...

############
#..........#
#..........#
#..........#
#..........#
#..........# .
.#.....@....#..
......cO§.....#
.>.....h§.....#
.........§####.
.........§#
....(.....D..{
........#..###
........##...
.....(... ....


You could see an ogre, a centaur and a hound.

Vanquished Creatures
  3 orc wizards
  2 adders
  3 gnolls (D:3)
  A worm (D:2)
  3 dart slugs
  7 orcs
  6 ball pythons
  A bat (D:1)
  5 endoplasms
  4 giant cockroaches
  3 goblins
  5 hobgoblins
  4 jackals (D:1)
  8 kobolds
  A quokka (D:1)
  4 frilled lizards
  4 rats
64 creatures vanquished.

Notes
Turn   | Place    | Note
-------+----------+-------------------------------------------
     0 | D:1      | nickcage the Formicid Monk began the quest for the Orb.
     0 | D:1      | Reached XP level 1. HP: 18/18 MP: 1/1
   405 | D:1      | Reached XP level 2. HP: 24/24 MP: 2/2
   437 | D:1      | Found a faded altar of an unknown god.
   979 | D:1      | Reached skill level 1 in Shields
  1380 | D:1      | Reached XP level 3. HP: 27/29 MP: 3/3
  1976 | D:2      | Reached skill level 4 in Long Blades
  2847 | D:3      | Found a broken altar of Ashenzari.
  2892 | D:3      | Reached XP level 4. HP: 29/35 MP: 4/4
  3357 | D:3      | Found Geifeiqe's Antique Armour Boutique.
  3795 | D:3      | Reached XP level 5. HP: 35/41 MP: 5/5
  3873 | D:3      | Reached skill level 5 in Long Blades
  3936 | D:3      | Reached skill level 1 in Armour
  4392 | D:4      | Reached XP level 6. HP: 11/47 MP: 6/6
  4847 | D:4      | You fall into a shaft and drop 3 floors!
  4847 | D:7      | Noticed a steam dragon
  4847 | D:7      | Noticed an ogre
  4851 | D:7      | Killed from afar by a steam dragon

Illustrated notes

Levels and vault maps discovered:
D:1:      minmay_arrival_widening_spiral_wide, layout_loops_ring,
          shapermc_ecumenical_altar_starsandcircs, serial_co_window_serial,
          co_window_paths_a, co_window_of_opportunity_a,
          co_window_of_opportunity_a, co_window_of_opportunity_a,
          co_window_of_opportunity_a, co_window_paths_a, co_window_paths_b,
          co_window_corner_cb, co_window_corner_cb, co_window_broadway_a,
          co_window_4corner_b
D:2:      minmay_general_purpose_star, layout_rooms
D:3:      layout_loops_ring, ashenzari_altar_1, serial_shops,
          nicolae_shop_waterfront, serial_glass, glass_columns_a,
          glass_columns_a, item_on_display_a, minmay_strange_pillars,
          kennysheep_generic_room_13
D:4:      layout_basic, kennysheep_big_empty_room
D:7:      kennysheep_steamy, layout_rooms, kennysheep_generic_room_8,
          uniq_harold

Skill      XL: |  1  2  3  4  5 |
---------------+----------------+-----
Shields        | 1 2 |  2.7
Long Blades    | 4 5 |  5.3
Armour         | 1 |  1.8
Fighting       | |  3.2
Dodging        | |  2.6
Stealth        | |  2.4

Action                   |  1- 3 |  4- 6 || total
-------------------------+-------+-------++-------
Melee: Falchion          |   108 |       ||   108
       Punch             |     1 |       ||     1
       Long sword        |     9 |   125 ||   134
Throw: Dart              |     3 |     1 ||     4
 Abil: Shaft Self        |       |     1 ||     1
  Use: Scroll            |       |     9 ||     9
       Potion            |       |     1 ||     1
 Stab: Sleeping          |     5 |     2 ||     7
Armor: Robe              |    14 |       ||    14
       Ring mail         |       |    45 ||    45
       Chain mail        |       |    15 ||    15
Dodge: Dodged            |    57 |    78 ||   135
Block: Buckler           |    10 |    32 ||    42
